AoeStats
← david.cc

Arabia

507757541Analyzed
1v1 RM · 13d ago on Sep 19, 2026· 28m 28s· 2 players
Game mode
Random Map
Map size
Tiny (2 player)
Population
200
Speed
Normal
Resources
Standard
Victory
Conquest
Starting age
Dark Age
Ending age
Imperial Age
RankedLock teamsTeams togetherTeam positionsShared explorationLock speedFull tech treeHidden civsTurbo modeCheats
Victory
Defeat
🇨🇴 Slavs · Colombia
819
+15
🇺🇸 Lithuanians · United States
808
-15
TrickDaddy
6:42 Loom
9:04 Feudal Age
20:58 Castle Age
23:29 Scale Mail Armor
23:37 Scale Barding Armor
27:19 Scale Barding Armor
david.cc
7:03 Loom
9:44 Feudal Age
10:42 Double-Bit Axe
15:12 Forging
15:00 Man-at-Arms
16:29 Scale Barding Armor
20:18 Wheelbarrow
21:07 Scale Mail Armor
24:21 Castle Age
22:13 Horse Collar
23:44 Gold Mining
25:29 Squires
24:50 Long Swordsman
26:09 Iron Casting
27:59 Chain Mail Armor
Connection lost

Rejoining the realm…

Still unreachable

The connection could not be restored.

Session expired

The server has moved on; the page needs a fresh start.